Map: Tokamak LE

Players

VITmaru (Maru) - Winner!

  • Race: Terran Terran
  • Spawn Location: 1:00

Classic

  • Race: Protoss Protoss
  • Spawn Location: 7:00

Event: DreamHack Dallas 2025

VOD

Have the link to the VOD?

Description

Time

  • Played on: May 25, 2025, 3:46 p.m.
  • Length: 15:02

All games in this series

Show
View Real Time Build Order
Export as new Build Order

VITmaru Terran - Winner!

Build Orders: Cyclone Opening 

Get SALT Encoding   

  12  0:00  SCV  
  13  0:12  SCV  
  14  0:17  Supply Depot  
  14  0:24  SCV  
  15  0:38  SCV  
  15  0:39  Barracks  
  15  0:42  Refinery  
  16  0:50  SCV  
  17  1:02  SCV  
  18  1:14  SCV  
  19  1:26  Marine  
  19  1:27  Orbital Command  
  20  1:41  Command Center  
  20  1:50  Factory  
  20  1:54  SCV  
  21  1:58  Barracks Tech Lab  
  21  2:06  SCV  
  21  2:07  Supply Depot  
  22  2:12  Refinery  
  22  2:18  SCV  
  23  2:30  SCV  
  24  2:40  Cyclone  
  24  2:42  SCV  
  28  2:52  Starport  
  28  2:54  SCV, Orbital Command  
  29  3:02  Barracks Reactor  
  29  3:06  SCV  
  27  3:18  Widow Mine, SCV  
  30  3:21  SCV  
  31  3:29  Medivac  
  31  3:30  SCV, Barracks  
  31  3:33  SCV  
  35  3:40  Widow Mine, Supply Depot  
  35  3:41  Marine x2  
  38  3:43  SCV  
  38  3:45  SCV  
  41  3:55  SCV  
  42  3:57  SCV  
  42  4:00  Marine x2  
  45  4:05  Supply Depot  
  45  4:07  SCV  
  45  4:09  SCV  
  47  4:11  Factory Tech Lab  
  47  4:14  Raven  
  49  4:18  Refinery  
  49  4:19  SCV  
  49  4:20  Barracks  
  49  4:21  SCV  
  49  4:23  Marine x2  
  53  4:27  Supply Depot  
  53  4:30  Siege Tank  
  57  4:31  SCV  
  57  4:33  SCV  
  57  4:35  Engineering Bay  
  57  4:37  Marine  
  59  4:43  SCV  
  60  4:46  SCV  
  60  4:52  Marine x2  
  61  4:55  SCV  
  61  4:58  SCV  
  63  5:02  Supply Depot  
  63  5:03  Siege Tank  
  63  5:04  Terran Infantry Weapons Level 1  
  66  5:07  SCV  
  66  5:09  Marine  
  66  5:10  Marine x2  
  66  5:12  Supply Depot  
  66  5:13  Supply Depot  
  70  5:16  Refinery  
  70  5:22  Stimpack  
  70  5:24  SCV x2, Marine  
  70  5:28  Marine  
  73  5:30  Supply Depot  
  72  5:36  SCV x2  
  72  5:37  Starport Reactor  
  72  5:41  Marine x2  
  76  5:44  Factory Reactor  
  76  5:46  Marine  
  77  5:50  Combat Shield  
  77  5:51  Marauder  
  77  5:56  Command Center  
  79  6:00  Marauder  
  81  6:05  Marine x2  
  83  6:11  Supply Depot  
  83  6:12  Marauder  
  83  6:17  SCV x2  
  87  6:19  Medivac x2  
  87  6:21  Marauder  
  87  6:23  Marine x2  
  87  6:25  Widow Mine  
  97  6:26  Widow Mine  
  99  6:34  Barracks  
  99  6:36  Barracks  
  99  6:41  Marauder  
  99  6:42  Marine x2  
  99  6:43  Marauder  
  105  6:47  Supply Depot  
  105  6:48  Widow Mine  
  105  6:49  Widow Mine  
  105  6:52  Supply Depot  
  109  7:04  Marine  
  109  7:05  Concussive Shells  
  109  7:08  SCV x2, Marine, Medivac, Marauder  
  117  7:14  Terran Infantry Armor Level 1  
  116  7:20  SCV  
  117  7:24  SCV  
  117  7:26  Barracks Reactor, Barracks Tech Lab  
  122  7:30  Widow Mine x2  
  122  7:32  SCV  
  123  7:38  Marine x2  
  123  7:39  Marauder x2  
  114  7:51  Marine  
  107  7:52  SCV  
  107  7:56  Viking x2, Marine x2, Supply Depot  
  107  7:57  Orbital Command  
  115  7:59  SCV  
  115  8:00  Marauder x2  
  115  8:04  Widow Mine  
  120  8:07  SCV  
  120  8:09  Widow Mine, Marauder  
  120  8:11  SCV  
  120  8:12  Armory  
  126  8:14  Engineering Bay  
  126  8:19  SCV  
  127  8:21  Marauder  
  127  8:22  Marauder  
  127  8:25  SCV x2  
  127  8:26  Viking x2  
  137  8:29  Marine x2  
  137  8:31  SCV, Marauder  
  137  8:34  Marine  
  143  8:38  Widow Mine  
  145  8:43  Marauder x2  
  145  8:46  Supply Depot  
  145  8:47  Supply Depot  
  149  8:54  Marine x2  
  149  8:55  Marine x2, Marauder  
  155  8:56  Viking  
  155  8:58  Supply Depot  
  157  9:07  Marine  
  157  9:08  Widow Mine x2, Viking, Marauder  
  166  9:12  Terran Infantry Weapons Level 2, Marine x2  
  166  9:13  Supply Depot, Terran Infantry Armor Level 2  
  166  9:16  Marauder  
  170  9:21  Command Center  
  170  9:26  Marauder  
  170  9:27  Ghost Academy, Marine x2  
  170  9:29  Marauder  
  176  9:34  Supply Depot  
  176  9:35  Medivac  
  176  9:37  Marauder  
  176  9:38  Medivac  
  182  9:40  Widow Mine x2  
  185  9:53  Marine x2, Marauder  
  185  9:55  Supply Depot  
  185  9:56  Marauder  
  185  10:02  Marine x2  
  185  10:03  Marauder  
  185  10:07  Widow Mine x2  
  191  10:09  Medivac  
  191  10:10  Medivac  
  195  10:15  Barracks x3, Marauder  
  183  10:29  Marine  
  183  10:30  Marauder  
  183  10:34  Marine  
  183  10:35  Marine x2, Marauder  
  184  10:36  Marauder  
  171  10:47  Marine  
  165  10:51  Marauder  
  165  10:52  SCV x3, Marine  
  165  10:53  Marine  
  165  10:54  Marine  
  165  10:56  Marauder  
  168  10:57  Marauder  
  160  11:04  SCV x2  
  160  11:05  Marine  
  160  11:10  Marine  
  162  11:12  Marauder  
  162  11:15  Medivac x2  
  162  11:18  Marauder  
  166  11:19  Marauder  
  166  11:21  SCV  
  166  11:22  SCV  
  170  11:27  Planetary Fortress  
  170  11:31  Barracks Tech Lab x2  
  170  11:33  Marine x2  
  170  11:34  Marauder  
  170  11:36  SCV x3  
  177  11:45  Marine  
  177  11:46  Marauder x2  
  180  11:49  Marine  
  180  11:50  Marine, Marauder x2  
  186  11:55  Marauder  
  186  11:58  SCV  
  181  12:05  Medivac  
  181  12:06  Medivac  
  175  12:10  Marine  
  175  12:11  Marine, Marauder x2  
  181  12:22  Marine x2  
  186  12:23  Marauder x2  
  172  12:32  Marine x3  
  172  12:33  Marauder x2  
  172  12:35  Medivac x2  
  154  12:39  Marine  
  154  12:40  Marine  
  156  12:44  Marauder x2  
  156  12:46  Marine  
  156  12:49  Marine  
  156  12:50  SCV x2, Marine  
  156  12:51  SCV  
  162  12:52  SCV  
  162  12:54  Marauder x2  
  162  12:57  Widow Mine x2  
  171  12:59  Marine  
  171  13:02  Marine x2  
  171  13:04  Marine  
  171  13:05  SCV x2, Viking  
  177  13:07  SCV x2  
  181  13:17  SCV x2  
  183  13:20  Marine x2, Marauder  
  183  13:22  Marine  
  183  13:25  Widow Mine  
  183  13:26  Marauder  
  188  13:31  Marine  
  188  13:32  Marauder x2  
  193  13:38  Marine  
  193  13:39  Marauder  
  175  13:48  Marine x2  
  175  13:49  Marauder x2, Marine  
  175  13:50  Marine  
  175  13:51  Medivac  
  175  13:53  SCV, Marauder x2  
  176  13:56  SCV, Marine  
  176  14:00  Marauder  
  175  14:02  Widow Mine  
  175  14:06  Marine  
  175  14:07  Marine x2  
  178  14:10  Marauder x2  
  178  14:15  Marauder  
  178  14:16  Marine x2  
  188  14:17  Marauder  
  188  14:22  Marauder  
  190  14:24  Marine x2  
  190  14:26  Medivac x2  
  194  14:32  Marauder x2  
  194  14:34  Marine x2  
  194  14:36  Marauder  
  198  14:41  Marine  
  198  14:43  Marine  
  199  15:02  Command Center  
Show
View Real Time Build Order
Export as new Build Order

Classic Protoss 

Build Orders: 1 Gate Expand, Phoenix Opening, Blink Stalkers 

Get SALT Encoding   

  12  0:00  Probe  
  13  0:12  Probe  
  14  0:17  Pylon  
  14  0:24  Probe  
  15  0:32  Probe  
  15  0:37  Gateway  
  15  0:40  Probe  
  16  0:48  Assimilator  
  17  0:51  Probe  
  18  1:03  Probe  
  19  1:15  Probe  
  20  1:25  Cybernetics Core  
  20  1:34  Nexus  
  20  1:40  Pylon  
  20  1:43  Probe  
  21  1:50  Assimilator  
  21  1:51  Adept  
  21  1:55  Probe  
  22  2:02  Warp Gate  
  22  2:08  Probe  
  25  2:10  Stalker  
  25  2:20  Probe  
  28  2:33  Twilight Council, Probe  
  29  2:38  Stalker  
  31  2:44  Probe  
  31  2:48  Probe  
  33  2:52  Probe  
  33  2:53  Blink  
  34  3:00  Probe  
  34  3:01  Gateway  
  35  3:07  Probe  
  35  3:12  Probe  
  37  3:19  Probe  
  36  3:24  Sentry, Probe  
  39  3:27  Phoenix  
  39  3:31  Probe  
  40  3:36  Probe  
  40  3:39  Pylon  
  41  3:43  Probe  
  42  3:48  Probe  
  42  3:51  Nexus  
  43  3:59  Robotics Facility, Probe  
  43  4:00  Probe  
  45  4:05  Assimilator  
  45  4:07  Stalker  
  47  4:11  Stalker  
  47  4:16  Probe  
  50  4:17  Probe  
  50  4:18  Pylon  
  51  4:28  Probe  
  51  4:29  Probe  
  51  4:31  Gateway x2  
  53  4:35  Pylon  
  53  4:58  Stalker x2  
  56  5:00  Probe x2  
  56  5:01  Shield Battery  
  56  5:04  Probe  
  56  5:06  Charge  
  59  5:07  Observer, Phoenix  
  59  5:09  Probe x2  
  62  5:14  Pylon  
  62  5:16  Probe  
  63  5:29  Gateway  
  63  5:32  Gateway, Probe x3  
  66  5:35  Robotics Bay  
  66  5:42  Observer, Gateway  
  67  5:43  Gateway  
  67  5:45  Probe  
  67  5:47  Forge  
  67  5:48  Probe x2  
  70  5:53  Probe  
  70  5:55  Pylon  
  70  6:00  Probe x2  
  70  6:03  Probe  
  73  6:04  Sentry, Colossus  
  73  6:05  Assimilator  
  73  6:06  Pylon  
  76  6:12  Probe x2  
  76  6:15  Probe  
  76  6:17  Pylon, Protoss Ground Weapons Level 1  
  79  6:24  Probe x2  
  87  6:30  Zealot x3, Pylon  
  87  6:32  Probe  
  94  6:39  Observer, Extended Thermal Lance  
  94  6:45  Colossus  
  94  6:46  Nexus  
  94  6:47  Pylon  
  100  7:02  Zealot x4  
  100  7:03  Zealot  
  100  7:05  Zealot  
  100  7:08  Zealot  
  114  7:12  Zealot  
  114  7:15  Pylon  
  112  7:27  Stalker x6  
  123  7:31  Zealot  
  123  7:32  Zealot  
  127  7:43  Colossus  
  89  7:52  Zealot x2  
  89  7:53  Zealot x6  
  111  8:00  Pylon, Nexus  
  111  8:09  Probe x3  
  111  8:12  Protoss Ground Weapons Level 2  
  114  8:14  Observer  
  114  8:15  Robotics Facility  
  114  8:19  Forge  
  114  8:20  Nexus  
  114  8:27  Warp Prism  
  114  8:31  Pylon  
  110  8:43  Pylon  
  110  8:46  Zealot x7  
  110  8:48  Zealot  
  126  8:50  Gravitic Drive  
  126  8:55  Disruptor x2  
  126  8:58  Pylon, Shield Battery  
  126  9:02  Observer, Photon Cannon  
  134  9:15  Zealot x3  
  134  9:17  Zealot  
  142  9:30  Disruptor  
  146  9:32  Zealot x4  
  146  9:35  Stalker  
  156  9:39  Zealot x3  
  160  9:53  Zealot x4  
  162  10:02  Zealot  
  162  10:03  Zealot x3  
  162  10:04  Disruptor  
  162  10:06  Disruptor  
  170  10:16  Zealot x4  
  170  10:17  Protoss Ground Armor Level 1, Protoss Ground Weapons Level 3  
  168  10:29  Zealot x4  
  168  10:30  Disruptor  
  168  10:32  Disruptor  
  170  10:41  Zealot x4  
  172  10:51  Pylon  
  172  10:53  Pylon  
  172  10:54  Pylon  
  172  10:55  Pylon  
  150  11:05  Stalker x8  
  150  11:08  Stalker x8  
  162  11:12  Observer  
  162  11:21  Probe x4  
  166  11:28  Nexus  
  166  11:30  Pylon  
  166  11:31  Observer  
  166  11:32  Observer  
  168  11:35  Zealot x3  
  168  11:36  Zealot  
  168  11:37  Zealot x3  
  168  11:38  Zealot  
  182  11:48  Nexus  
  182  11:49  Pylon  
  180  11:56  Zealot x2  
  180  11:57  Zealot x2  
  166  12:08  Nexus  
  158  12:17  Disruptor x2  
  121  12:38  Zealot x6  
  121  12:39  Zealot x2  
  109  12:49  Disruptor x2  
  96  12:56  Probe x4  
  108  13:05  Sentry  
  108  13:06  Stalker x3  
  108  13:08  Probe x4  
  120  13:15  Zealot x3  
  120  13:18  Sentry  
  126  13:20  Probe x4  
  121  13:32  Probe  
  121  13:33  Probe  
  121  13:34  Zealot x4  
  126  13:49  Zealot x4  
  126  13:54  Zealot x2  
  111  14:05  Zealot x2  
  110  14:11  Nexus, Disruptor  
  114  14:26  Sentry  
  114  14:27  Stalker  
  110  14:38  Zealot x4  
  110  14:41  Dark Shrine  
  109  14:52  Zealot x3  
  96  14:56  Zealot  
Tags
 
Add a new tag
Caveats
  • Supply blocks, unpowered buildings, or Contaminate may cause inaccurate times.
  • Supply counts are checked every 10 seconds.